Map: Fields of Death

Players

neulaender - Winner!

  • Race: Zerg Zerg

Baumdoktor - Winner!

  • Race: Protoss Protoss

emezer

  • Race: Zerg Zerg

JokersMadnes

  • Race: Zerg Zerg

VOD

Have the link to the VOD?

Description

Time

  • Played on: Oct. 21, 2016, 1:27 p.m.
  • Length: 11:22
Show
View Real Time Build Order
Export as new Build Order

neulaender Zerg - Winner!

Build Orders: Pool First 

Get SALT Encoding   

  12  0:02  Drone  
  13  0:12  Overlord  
  13  0:16  Drone  
  14  0:31  Drone x2  
  16  0:42  Spawning Pool  
  15  0:45  Drone  
  15  0:49  Extractor  
  15  0:53  Drone  
  15  0:56  Drone  
  17  1:09  Drone  
  18  1:21  Drone  
  19  1:29  Queen  
  19  1:31  Overlord  
  21  1:46  Drone  
  22  1:48  Unknown, Hatchery  
  21  1:55  Drone  
  22  2:03  Drone  
  23  2:09  Queen  
  23  2:15  Metabolic Boost  
  25  2:21  Zergling x2  
  26  2:26  Zergling x2  
  27  2:33  Evolution Chamber, Extractor  
  27  2:34  Drone  
  26  2:51  Drone x3  
  29  2:59  Unknown  
  29  3:00  Zerg Melee Weapons Level 1  
  29  3:04  Zergling x2  
  29  3:05  Zergling x2  
  31  3:12  Lair  
  31  3:13  Evolution Chamber  
  30  3:21  Roach Warren  
  30  3:22  Drone x2  
  30  3:25  Drone  
  32  3:28  Drone  
  33  3:49  Drone x2  
  33  3:50  Drone  
  33  3:51  Overlord x2  
  36  3:57  Zerg Missile Weapons Level 1  
  36  4:04  Overlord  
  36  4:12  Glial Reconstitution  
  36  4:15  Drone x3  
  39  4:17  Drone  
  39  4:18  Drone  
  41  4:35  Drone x4  
  41  4:38  Drone x3  
  47  4:42  Extractor  
  47  4:44  Extractor  
  46  4:56  Zerg Ground Armor Level 1  
  47  5:00  Zergling x14  
  53  5:25  Drone x4  
  58  5:28  Drone x2  
  58  5:30  Drone  
  58  5:32  Overlord x2  
  58  5:33  Overlord  
  60  5:36  Unknown, Drone, Hatchery  
  60  5:41  Hydralisk Den  
  59  5:54  Zerg Missile Weapons Level 2  
  59  5:57  Roach  
  59  5:58  Roach x5  
  71  6:11  Drone  
  71  6:13  Muscular Augments  
  72  6:19  Spore Crawler  
  72  6:21  Spore Crawler  
  70  6:29  Hydralisk  
  70  6:30  Hydralisk x5  
  82  6:48  Unknown  
  82  6:49  Drone x2  
  82  6:50  Tunneling Claws  
  82  6:52  Burrow, Pneumatized Carapace  
  84  6:58  Queen, Drone  
  84  7:00  Drone x3  
  90  7:09  Overlord x2  
  90  7:10  Overlord x2  
  90  7:16  Spore Crawler  
  90  7:20  Zerg Ground Armor Level 2  
  89  7:26  Drone  
  89  7:29  Overlord  
  90  7:30  Extractor  
  90  7:34  Spore Crawler  
  88  7:41  Drone  
  88  7:42  Drone x2  
  88  7:43  Drone x3  
  88  7:44  Drone  
  95  7:53  Infestation Pit  
  95  7:55  Drone  
  95  7:57  Drone x3  
  97  8:16  Zergling x2  
  97  8:17  Zergling x24  
  110  8:26  Overseer x2  
  110  8:31  Zerg Melee Weapons Level 2, Hive  
  103  9:12  Zergling x32  
  103  9:13  Zergling x2  
  113  9:17  Hydralisk  
  113  9:18  Hydralisk x3  
  112  9:27  Hydralisk  
  112  9:28  Hydralisk x4  
  120  9:48  Hydralisk x6  
  108  10:13  Hydralisk  
  108  10:14  Hydralisk x7  
  108  10:20  Unknown, Hatchery  
  118  10:42  Hydralisk  
  118  10:48  Overlord x5  
  118  10:49  Overseer  
  120  10:53  Zergling x2  
Show
View Real Time Build Order
Export as new Build Order

Baumdoktor Protoss - Winner!

Build Orders: 1 Gate Expand 

Get SALT Encoding   

  12  0:02  Probe (Chrono Boost)  
  13  0:13  Probe (Chrono Boost)  
  14  0:20  Pylon  
  14  0:24  Probe (Chrono Boost)  
  15  0:39  Probe (Chrono Boost)  
  16  0:44  Gateway  
  16  0:49  Probe (Chrono Boost)  
  17  1:00  Probe (Chrono Boost)  
  18  1:13  Nexus, Unknown  
  18  1:19  Pylon  
  18  1:23  Probe (Chrono Boost)  
  19  1:29  Assimilator  
  19  1:38  Cybernetics Core  
  19  1:43  Probe (Chrono Boost)  
  20  1:53  Probe (Chrono Boost)  
  21  2:04  Assimilator  
  21  2:06  Probe (Chrono Boost)  
  22  2:11  Zealot  
  22  2:15  Warp Gate  
  24  2:20  Probe (Chrono Boost)  
  25  2:25  Unknown  
  25  2:30  Probe (Chrono Boost)  
  26  2:37  Probe (Chrono Boost)  
  26  2:41  Probe (Chrono Boost)  
  28  2:45  Pylon  
  28  2:48  Probe (Chrono Boost), Gateway  
  29  2:51  Gateway  
  29  2:58  Twilight Council  
  29  3:01  Stalker  
  31  3:14  Probe (Chrono Boost)  
  32  3:21  Stargate  
  32  3:25  Probe (Chrono Boost), Assimilator  
  33  3:30  Assimilator  
  33  3:32  Probe (Chrono Boost)  
  34  3:35  Probe (Chrono Boost)  
  35  3:42  Probe (Chrono Boost)  
  36  3:53  Probe (Chrono Boost)  
  37  3:59  Charge  
  37  4:07  Gateway  
  37  4:09  Gateway  
  37  4:10  Gateway  
  37  4:12  Gateway  
  37  4:17  Probe (Chrono Boost)  
  37  4:22  Probe (Chrono Boost)  
  39  4:28  Probe (Chrono Boost)  
  39  4:29  Phoenix  
  42  4:33  Probe (Chrono Boost)  
  43  4:41  Probe (Chrono Boost)  
  43  4:43  Probe (Chrono Boost)  
  45  4:49  Stalker  
  45  4:52  Probe (Chrono Boost)  
  48  4:54  Phoenix  
  50  5:02  Probe (Chrono Boost)  
  51  5:10  Probe (Chrono Boost)  
  51  5:13  Probe (Chrono Boost)  
  53  5:20  Probe (Chrono Boost)  
  54  5:30  Nexus, Unknown, Pylon  
  54  5:35  Pylon  
  54  5:39  Pylon  
  54  5:48  Probe (Chrono Boost)  
  55  5:59  Probe (Chrono Boost)  
  55  6:00  Zealot  
  55  6:01  Zealot x5  
  55  6:02  Zealot  
  70  6:21  Void Ray  
  70  6:25  Stalker x2  
  78  6:40  Pylon  
  78  6:41  Unknown  
  78  6:42  Pylon  
  78  6:52  Pylon  
  78  6:59  Pylon  
  78  7:08  Pylon  
  78  7:16  Stalker x3  
  78  7:17  Stalker x4  
  92  7:40  Stalker x4  
  92  7:41  Templar Archives, Stalker x3  
  106  7:53  Forge  
  106  8:01  Probe (Chrono Boost)  
  107  8:10  Stalker x3  
  107  8:11  Probe (Chrono Boost), Stalker  
  107  8:12  Robotics Facility  
  116  8:22  Probe (Chrono Boost)  
  117  8:32  Probe (Chrono Boost)  
  118  8:44  Stalker  
  118  8:45  Stalker x6  
  88  9:50  Stalker  
  88  9:51  Stalker x6  
  90  10:27  Stalker x6  
  90  10:28  Stalker  
  96  11:16  Stalker x2  
  96  11:17  Stalker x4  
  96  11:18  Stalker  
Show
View Real Time Build Order
Export as new Build Order

emezer Zerg 

Build Orders: Pool First 

Get SALT Encoding   

  12  0:02  Drone  
  13  0:12  Overlord  
  13  0:17  Drone  
  14  0:30  Drone x2  
  16  0:37  Extractor, Drone  
  16  0:52  Spawning Pool, Drone  
  17  0:57  Drone  
  17  1:07  Drone  
  18  1:18  Drone  
  19  1:28  Overlord  
  19  1:47  Queen  
  19  1:50  Drone  
  19  1:53  Unknown, Hatchery  
  21  1:57  Metabolic Boost  
  21  2:01  Drone  
  22  2:10  Extractor  
  21  2:17  Drone, Roach Warren  
  21  2:21  Drone  
  22  2:27  Drone  
  23  2:33  Drone  
  24  3:05  Unknown  
  24  3:09  Zergling x4  
  24  3:10  Zergling x6  
  24  3:12  Zergling x2  
  30  3:21  Queen  
  30  3:23  Drone x2  
  34  3:33  Zergling x2  
  34  3:34  Zergling x2  
  36  3:44  Overlord x2  
  36  4:04  Drone x6  
  42  4:10  Drone  
  42  4:17  Lair  
  43  4:21  Drone  
  43  4:23  Baneling Nest  
  43  4:37  Overlord x4  
  43  4:38  Overlord  
  43  5:01  Evolution Chamber  
  43  5:03  Drone x11  
  43  5:04  Drone  
  54  5:13  Extractor  
  53  5:14  Extractor  
  52  5:22  Drone  
  52  5:25  Drone  
  54  5:29  Zerg Melee Weapons Level 1  
  54  5:33  Zergling x2  
  54  5:34  Zergling x2  
  56  5:36  Roach, Spire  
  56  5:37  Roach  
  56  5:41  Roach  
  61  5:44  Overlord  
  61  5:47  Overlord  
  61  6:03  Roach  
  65  6:04  Roach  
  65  6:09  Roach x2  
  69  6:20  Roach  
  69  6:21  Roach x3, Unknown, Hatchery  
  76  6:28  Drone  
  76  6:32  Roach  
  79  6:33  Roach x2  
  79  6:36  Roach  
  79  6:37  Roach  
  87  6:54  Mutalisk  
  87  6:55  Mutalisk  
  91  7:06  Overlord x3  
  91  7:07  Overlord x2  
  91  7:42  Mutalisk  
  91  7:43  Mutalisk x9  
  111  7:58  Overlord x4  
  111  8:19  Mutalisk x4  
  113  8:20  Mutalisk x3  
  125  8:28  Overlord x2  
  125  8:34  Mutalisk  
  125  8:39  Mutalisk  
  129  8:41  Mutalisk  
  131  8:51  Zerg Flyer Weapons Level 1  
  104  9:16  Mutalisk x2  
  104  9:17  Roach  
  53  9:48  Mutalisk  
  53  9:49  Mutalisk  
  21  10:32  Mutalisk  
  21  10:33  Mutalisk x2  
  25  10:35  Queen  
Show
View Real Time Build Order
Export as new Build Order

JokersMadnes Zerg 

Build Orders: Pool First 

Get SALT Encoding   

  12  0:02  Drone  
  13  0:09  Drone  
  14  0:18  Overlord  
  14  0:29  Overlord  
  14  0:36  Drone  
  14  0:37  Drone  
  16  0:54  Spawning Pool  
  15  1:11  Extractor  
  15  1:15  Drone  
  15  1:27  Drone x2  
  17  1:35  Drone  
  18  1:42  Queen  
  20  1:48  Unknown, Hatchery  
  19  2:07  Spine Crawler  
  19  2:08  Zergling x6  
  21  2:33  Drone x2  
  23  3:00  Unknown  
  23  3:15  Queen  
  23  3:18  Zergling x8  
  23  3:19  Metabolic Boost, Zergling x2  
  30  3:24  Queen  
  30  3:25  Drone x3  
  35  3:31  Extractor  
  34  4:13  Overlord x4  
  34  4:34  Zergling x8  
  34  4:35  Zergling x10  
  43  4:40  Zergling x6  
  46  4:55  Roach Warren  
  45  5:19  Drone x5  
  50  5:24  Extractor  
  50  5:25  Drone x2  
  50  5:26  Drone  
  52  5:29  Burrow  
  52  5:51  Drone x2  
  52  5:52  Drone  
  52  5:56  Extractor  
  54  5:58  Drone x3  
  54  6:00  Drone x2  
  54  6:02  Drone  
  60  6:38  Unknown, Hatchery  
  59  6:40  Extractor x2  
  57  7:20  Roach  
  59  7:22  Overlord  
  59  7:23  Overlord x6  
  59  7:24  Overlord x2  
  59  7:34  Lair  
  59  7:40  Queen  
  61  7:49  Unknown  
  61  8:31  Drone x2  
  61  8:32  Drone  
  64  8:34  Drone x2  
  64  8:35  Drone x3  
  64  8:37  Spore Crawler, Drone x3  
  64  8:39  Drone x3  
  67  9:23  Roach  
  67  9:24  Roach x10  
  45  10:08  Lair  
  31  10:28  Zergling x2  
  31  10:29  Zergling x34  
Tags
 
Add a new tag
Caveats
  • Supply blocks, unpowered buildings, or Contaminate may cause inaccurate times.
  • Supply counts are checked every 10 seconds.